 Dungeon Crawl Stone Soup version 0.26-a0-30-g56b8cd3df0 (webtiles) character file.

Game seed: 8588790160220579066, levelgen mode: deterministic

244 vurker the Magician (level 5, -1/30 HPs)
             Began as a Deep Elf Wizard on May 29, 2020.
             Killed from afar by an orc wizard (8 damage)
             ... with a magic dart
             ... on level 4 of the Dungeon.
             The game lasted 00:05:57 (4123 turns).

vurker the Magician (Deep Elf Wizard)               Turns: 4123, Time: 00:05:57

Health: -1/30      AC:  4    Str:  4    XL:     5   Next: 83%
Magic:  14/16      EV: 28    Int: 24    God:
Gold:   168        SH:  0    Dex: 13    Spells: 12/17 levels left

rFire    . . .     SeeInvis .   d - +0 dagger
rCold    . . .     Gourm    .   (no shield)
rNeg     . . .     Faith    .   a - +0 robe
rPois    .         Spirit   .   b - +0 hat
rElec    .         Reflect  .   f - +0 cloak
rCorr    .         Harm     .   (no gloves)
MR       .....                  p - +0 pair of boots
Stlth    ++........             g - amulet of the acrobat
HPRegen  0.10/turn              h - ring of wizardry
MPRegen  0.15/turn              (no ring)

@: acrobat
A: no striking features
a: no special abilities


You were on level 4 of the Dungeon.
You were not hungry.

You visited 1 branch of the dungeon, and saw 4 of its levels.

You collected 168 gold pieces.

Inventory:

Hand Weapons
 d - a +0 dagger (weapon)
   (You took it off Ijyb on level 4 of the Dungeon)
Armour
 a - a +0 robe (worn)
 b - a +0 hat (worn)
 f - a +0 cloak (worn)
   (You found it on level 1 of the Dungeon)
 p - a +0 pair of boots (worn)
   (You found it on level 1 of the Dungeon)
Jewellery
 g - an amulet of the acrobat (around neck)
   (You found it on level 1 of the Dungeon)
 h - a ring of wizardry (left hand)
   (You found it on level 1 of the Dungeon)
 x - an uncursed ring of ice
   (You found it on level 3 of the Dungeon)
Wands
 c - a wand of polymorph (6)
   (You took it off Ijyb on level 4 of the Dungeon)
Scrolls
 l - a scroll of enchant weapon
 t - 2 scrolls of remove curse
Potions
 j - a potion of mutation {unknown}
 m - a potion of haste
 o - a potion of lignification {unknown}
 q - 2 potions of brilliance
 v - 3 potions of heal wounds
 w - 3 potions of flight
 A - a potion of curing {unknown}
Comestibles
 e - 8 rations
 i - 3 chunks of flesh


   Skills:
 + Level 1.8 Fighting
 - Level 2.4 Dodging
 - Level 2.4 Stealth
 * Level 6.6 Spellcasting
 * Level 4.1 Conjurations
 - Level 1.1 Summonings
 - Level 1.1 Translocations


You had 12 spell levels left.
You knew the following spells:

 Your Spells              Type           Power        Failure   Level  Hunger
a - Magic Dart            Conj           ####         1%          1    None
b - Call Imp              Summ           ##......     2%          2    None
w - Blink                 Tloc           N/A          2%          2    None

Your spell library contained the following spells:

 Spells                   Type           Power        Failure   Level  Hunger
 Slow                     Hex            #.......     4%          2    None
 Conjure Flame            Conj/Fire      ###.....     4%          3    None
 Mephitic Cloud           Conj/Pois/Air  ##......     5%          3    None


Dungeon Overview and Level Annotations

Branches:
Dungeon (4/15)
 Temple: D:4-7

Altars:
Fedhas

Shops:
D:4 [


Message History

The magic dart hits the orc priest.
Aim: an orc priest, wielding a +0 trident (lightly wounded)
The magic dart hits the orc priest!
The orc priest calls down the wrath of Beogh upon you.
Beogh smites you!
Aim: an orc priest, wielding a +0 trident (heavily wounded)
The magic dart hits the orc priest.
The orc priest calls down the wrath of Beogh upon you.
Pain shoots through your body!
A shadowy apparition takes form in the air.
The orc priest hits you from afar with a +0 trident.
* * * LOW HITPOINT WARNING * * *
You can't see any susceptible monsters within range! (Use Z to cast anyway.)
What are your orders? t - Shout!
Orders for allies: a - Attack new target. p - Attack previous target. r - Retreat! s - Stop attacking. g - Guard the area. f - Follow me.
Anything else - Cancel.
Gang up on whom?
Aim: an orc priest, wielding a +0 trident (almost dead) Attack!
Your shadow imp barely misses the orc wizard.
Your shadow imp barely misses the orc wizard.
The orc wizard barely misses your shadow imp.
Your shadow imp hits the orc wizard.
The orc wizard casts a spell at you. The puff of flame hits your shadow imp.
Your shadow imp hits the orc wizard but does no damage.
The orc wizard hits your shadow imp but does no damage.
The orc wizard gestures wildly while chanting.
The orc wizard flickers and vanishes!
Deactivating autopickup; reactivate with Ctrl-A.
Your shadow imp hits the orc wizard.
The orc wizard barely misses your shadow imp.
Your shadow imp completely misses the orc wizard.
Something hits your shadow imp.
Things that are here:
a +0 dagger; a +0 robe; an orc skeleton The orc wizard is too close now for your liking.
Aim: an orc wizard, wielding a +0 dagger and wearing a +0 robe (moderately wounded)
The magic dart hits the orc wizard.
Aim: an orc wizard, wielding a +0 dagger and wearing a +0 robe (heavily wounded)
The magic dart hits the orc wizard.
The orc wizard points at you and mumbles some strange words.
The puff of frost hits you!
* * * LOW HITPOINT WARNING * * *
The orc wizard casts a spell at you. The magic dart hits you!
You die...

,,,,,***,* ##.#.#.#.#.##
,,,,,,,,,* #.).........#
,,,,,,,,** ##.#.#.#.#.##
^,,,*,,,* #...........# ,,,,**,**
###.#.#.#.#.## ,,,***,*
#............. ,,,,,,,*
#.#.#.#.#.#.#.
,*,***##############.#.###.####.,
**,####.........@..o.....#,# *,*
**,#.........[########.#.#,* *,*
,,,#.##....#..# #....,****,*
***#.##....#..# ###...,,,,,*
#.##...##..# *,#...***,*
#.##..######**********###***,* ##
#.##....#,,,,,,,,,,,,,,,,,,,,*
.###.##.####,,*,,,*,,,*,,,*,,,*,*
..##.##.####_,,,,,,,,,,,,,,,,,,,*


You could see an orc wizard.

Vanquished Creatures
  An orc wizard (D:4)
  A worker ant (D:4)
  A hound skeleton (D:4)
  5 adders
  3 worms
  A leopard gecko (D:2)
  2 orcs
  3 ball pythons
  4 bats
  3 giant cockroaches (D:1)
  5 goblins
  10 hobgoblins
  2 jackals (D:1)
  6 kobolds
  A quokka (D:3)
  4 frilled lizards
  6 rats
58 creatures vanquished.

Vanquished Creatures (collateral kills)
  An orc priest (D:3)
  Ijyb (D:4)
  Terence (D:3)
  3 adders (D:2)
  3 orcs (D:3)
9 creatures vanquished.

Grand Total: 67 creatures vanquished

Notes
Turn   | Place    | Note
-------+----------+-------------------------------------------
     0 | D:1      | vurker the Deep Elf Wizard began the quest for the Orb.
     0 | D:1      | Reached XP level 1. HP: 10/10 MP: 7/7
   216 | D:1      | Reached XP level 2. HP: 16/16 MP: 4/9
  1188 | D:2      | Reached skill level 5 in Spellcasting
  1209 | D:2      | Reached XP level 3. HP: 20/20 MP: 6/11
  1213 | D:2      | Learned a level 2 spell: Call Imp
  1216 | D:2      | Learned a level 2 spell: Blink
  1276 | D:2      | Reached skill level 1 in Fighting
  1707 | D:2      | Found a blossoming altar of Fedhas.
  1969 | D:2      | Reached XP level 4. HP: 21/25 MP: 8/13
  2764 | D:3      | Noticed Terence
  2774 | D:3      | Killed Terence
  2797 | D:3      | Reached skill level 6 in Spellcasting
  2863 | D:3      | Reached XP level 5. HP: 27/29 MP: 7/15
  3799 | D:4      | Noticed Ijyb
  3812 | D:4      | Killed Ijyb
  4077 | D:4      | Found Ceizenedghe's Antique Armour Shoppe.
  4123 | D:4      | Killed from afar by an orc wizard

Illustrated notes

Levels and vault maps discovered:
D:1:      eino_arrival_cavern_b, layout_basic
D:2:      layout_basic, fedhas_altar_4
D:3:      layout_rooms, first_ration, minmay_misc_feat_five, hex_intersection,
          skrybe_limestone_x, uniq_terence
D:4:      layout_loops_cross, lemuel_coloured_pillars_altar, serial_shops,
          nicolae_shop_crystal, st_stairs_11, kennysheep_windowed_goal,
          uniq_ijyb, uniq_blork_the_orc

Skill      XL: |  1  2  3  4  5 |
---------------+----------------+-----
Conjurations   | 2 3 4 |  4.1
Spellcasting   | 5 6 |  6.6
Fighting       | 1 |  1.8
Dodging        | |  2.4
Stealth        | |  2.4
Summonings     | |  1.1
Translocations | |  1.1

Action                   |  1- 3 |  4- 6 || total
-------------------------+-------+-------++-------
Melee: Unarmed           |     8 |       ||     8
 Cast: Magic Dart        |    84 |    79 ||   163
       Call Imp          |     3 |     9 ||    12
  Use: Scroll            |       |    15 ||    15
  Eat: Chunk             |     3 |     6 ||     9
Armor: Robe              |     4 |     1 ||     5
Dodge: Dodged            |    16 |     9 ||    25

Table legend:
 A = Non-vault XP
 B = Vault XP
 C = Vault XP percentage of total XP
 D = Non-vault monster count
 E = Vault monster count
 F = Vault count percentage of total count
                 A         B        C        D         E       F
            +---------+---------+-------+---------+---------+-------
      Total |     235 |     114 |  32.7 |      62 |       5 |   7.5
            +---------+---------+-------+---------+---------+-------
        D:1 |      32 |       0 |   0.0 |      18 |       0 |   0.0
        D:2 |      83 |       0 |   0.0 |      23 |       0 |   0.0
        D:3 |      86 |      18 |  17.3 |      20 |       1 |   4.8
        D:4 |      34 |      96 |  73.8 |       1 |       4 |  80.0
            +---------+---------+-------+---------+---------+-------
